 Dungeon Sprint DCSS version 0.24.1 (webtiles) character file.

Game seed: 1328819856729237059, levelgen mode: deterministic

1 Findor the Grasshopper (level 1, -1/19 HPs)
             Began as a Naga Warper on Mar 25, 2020.
             Killed from afar by a dart slug (7 damage)
             ... with a slug dart
             ... in the Dungeon (Sprint IX: "|||||||||||||||||||||||||||||").
             The game lasted 00:00:07 (17 turns).

Findor the Grasshopper (Naga Warper)                  Turns: 17, Time: 00:00:08

Health: -1/19      AC:  1    Str: 13    XL:     1   Next: 20%
Magic:  3/3        EV:  9    Int: 13    God:
Gold:   0          SH:  0    Dex: 10    Spells: 4/4 levels left

rFire    . . .     SeeInvis +   a - +0 falchion
rCold    . . .     Gourm    .   (no shield)
rNeg     . . .     Faith    .   b - +0 leather armour
rPois    +         Spirit   .   (no helmet)
rElec    .         Reflect  .   (no cloak)
rCorr    .         Harm     .   (no gloves)
MR       .....     NoTele   +   (no barding)
Stlth    +.........             (no amulet)
HPRegen  0.06/turn              (no ring)
MPRegen  0.08/turn              (no ring)

@: short of breath, very slow
A: large, see invisible, deformed body, poison resistance, slowness 2, slow
metabolism 1, spit poison 1, AC +0
a: Spit Poison


You were in the Dungeon.
You were not hungry.

You visited 1 branch


Innate Abilities, Weirdness & Mutations

You cannot wear boots.
Your serpentine skin is tough. (AC +0)
You have supernaturally acute eyesight. (SInv)
Armour fits poorly on your strangely shaped body.
Your system is resistant to poisons. (rPois)
You cover ground very slowly.
You have a slow metabolism.
You can spit poison.


   Skills:
 - Level 2.0 Fighting
 * Level 2.9 Long Blades
 - Level 0.8 Throwing
 - Level 0.7 Armour
 - Level 1.5 Dodging
 - Level 2.0 Spellcasting
   Level 3.0 Translocations


You had 4 spell levels left.
You didn't know any spells.
Your spell library contained the following spells:

 Spells                   Type           Power        Failure   Level  Hunger
 Blink                    Tloc           N/A          14%         2    ###....
 Shroud of Golubria       Chrm/Tloc      #.....       26%         2    ###....
 Gell's Gravitas          Tloc           #.........   28%         3    ####...
 Lesser Beckoning         Tloc           #.........   28%         3    ####...
 Teleport Other           Tloc           #.......     28%         3    ####...
 Passage of Golubria      Tloc           N/A          67%         4    #####..

Inventory:

Hand Weapons
 a - a +0 falchion (weapon)
Missiles
 e - 5 boomerangs of dispersal (quivered) {!f}
Armour
 b - a +0 leather armour (worn)
Scrolls
 d - 2 scrolls of blinking
Potions
 g - a potion of curing {@q1}
 h - a potion of heal wounds {@q2}
 i - a potion of haste {@q3}
 j - 2 potions of magic
 k - a potion of berserk rage
Comestibles
 f - a ration


Message History

Welcome, Findor the Naga Warper.
Press ? for a list of commands and other information.
Found a staircase leading out of the dungeon.
You open the door.
A frilled lizard, a bat, a rat, a kobold and a dart slug come into view.
The kobold shouts!
The frilled lizard hisses angrily.
The bat closely misses you.
You hit the bat but do no damage. The bat hits you but does no damage.
The bat closely misses you.
You riposte.
You hit the bat. The bat hits you.
You miss the bat. The bat completely misses you. The bat hits you.
You closely miss the bat. The bat closely misses you.
You barely miss the bat. The bat hits you. x2
You barely miss the bat. The bat hits you. The bat closely misses you.
You riposte.
You miss the bat. You closely miss the bat. The bat hits you.
The bat barely misses you.
You closely miss the bat. The bat barely misses you.
You hit the bat.
You kill the bat!
You barely miss the kobold. The kobold hits you but does no damage.
You hit the kobold. The kobold barely misses you.
You barely miss the kobold. The kobold closely misses you.
You riposte.
You hit the kobold.
You kill the kobold!
The dart slug launches a dart at you. The slug dart hits you.
The dart slug launches a dart at you. The slug dart hits you.
* * * LOW HITPOINT WARNING * * *
There is an open door to the Dungeon here.
You see here a +0 dagger.
You are too injured to fight recklessly!
Press: ? - help, Shift-Dir - straight line, f - rat
Aim: a rat The splash of poison hits the dart slug.
You feel slightly more hungry. The dart slug bites you.
* * * LOW HITPOINT WARNING * * *
You hit the dart slug. The dart slug launches a dart at you.
The slug dart hits you!
You die... ▓▓▓▓▓▓▓▓▓▓▓▓ ▓<...@wlr..+ ▓▓▓▓▓▓▓▓▓▓▓▓

You could see a dart slug, a frilled lizard and a rat.

Vanquished Creatures
  A bat (D)
  A kobold (D)
2 creatures vanquished.

Notes
Turn   | Place    | Note
-------+----------+-------------------------------------------
     0 | D        | Findor the Naga Warper began the quest for the Orb.
     0 | D        | Reached XP level 1. HP: 19/19 MP: 3/3
    17 | D        | Killed from afar by a dart slug

Levels and vault maps discovered:
D:        linesprint [early_d, line_temple, items_1, d_10, items_2, lair_1,
          lair_end, items_3, orc_1, orc_end, items_4, d_15, swamp_1, shoals_1,
          snake_1, spider_1, d_20, vaults_1, items_5, swamp_end, shoals_end,
          snake_end, spider_end, vaults_end, d_27, items_6, zot_1, zot_end,
          crypt_end, forest_end, elf_end, slime_end, tomb_end, abyss_end,
          pan_hell_end]

Action                   || total
-------------------------++-------
Melee: Falchion          ||    12
 Abil: Spit Poison       ||     1
Armor: Leather armour    ||     1
Dodge: Dodged            ||     9
       Rpst.: Falchion   ||     3
